 Seeded DCSS version 0.29-a0-923-g6e406bff71 (webtiles) character file.

Game seed: 8166878368425016019 (custom seed)

214 mathmaestro the Grave Robber (level 5, 19/40 HPs)
             Began as a Demonspawn Necromancer on July 27, 2022.
             Quit the game on level 2 of the Dungeon.
             The game lasted 00:03:53 (1643 turns).

mathmaestro the Grave Robber (DsNe)                 Turns: 1643, Time: 00:03:54

Health: 19/40      AC:  9    Str:  8    XL:     5   Next: 60%
Magic:  2/10       EV: 12    Int: 18    God:
Gold:   29         SH:  0    Dex: 14    Spells: 6/10 levels left

rFire   . . .      SeeInvis .   h - +0 dagger
rCold   . . .      Faith    .   (no shield)
rNeg    . . .      Spirit   .   a - +0 robe
rPois   .          Reflect  .   (no helmet)
rElec   .          Harm     .   (no cloak)
rCorr   .          Rampage  .   i - +0 pair of gloves
Will    +....                   (no boots)
Stlth   ++........              k - amulet of regeneration
HPRegen 0.93/turn               p - ring of willpower
MPRegen 0.12/turn               (no ring)

@: sanguine armoured
A: demonic guardian 1, sanguine armour 1, demonic touch 2
a: no special abilities


You were on level 2 of the Dungeon.
You visited 1 branch of the dungeon, and saw 2 of its levels.

You collected 29 gold pieces.

Inventory:

Hand Weapons
 c - a +0 war axe
 h - a +0 dagger (weapon)
Armour
 a - a +0 robe (worn)
 i - a +0 pair of gloves (worn)
Jewellery
 k - an amulet of regeneration (around neck)
 p - a ring of willpower (left hand)
Scrolls
 d - a scroll of identify {unknown}
 g - a scroll of torment {unknown}
 m - a scroll of noise {unknown}
 n - a scroll of immolation {unknown}
Potions
 b - a potion of magic
 e - a potion of berserk rage {unknown}
 f - a potion of mutation {unknown}
 j - a potion of resistance {unknown}
 l - 2 potions of degeneration {unknown}
 o - a potion of heal wounds {unknown}


   Skills:
 + Level 2.8 Fighting
 - Level 2.0 Dodging
 - Level 2.0 Stealth
 + Level 3.4 Spellcasting
 + Level 5.6 Necromancy


You had 6 spell levels left.
You knew the following spells:

 Your Spells              Type           Power      Damage    Failure   Level
a - Necrotise             Necr           92%        1d8       1%          1
b - Vampiric Draining     Necr           23%        2d7       4%          3

Your spell library contained the following spells:

 Spells                   Type           Power      Damage    Failure   Level
 Animate Dead             Necr           23%        N/A       16%         4
 Agony                    Necr           23%        N/A       41%         5


Dungeon Overview and Level Annotations

Branches:
Dungeon (2/15)

Altars:


Innate Abilities, Weirdness & Mutations

A weak demonic guardian rushes to your aid.
When seriously injured, your blood forms armour. (AC +6)
Your touch may inflict irresistible damage on your foes.


Message History

The endoplasm closely misses you.
Your ball python skeleton bites Sigmund.
Your ball python skeleton constricts Sigmund.
You hit Sigmund but do no damage.
Sigmund is almost dead.
The endoplasm hits you. Sigmund completely misses you.
Your ball python skeleton bites Sigmund.
Your ball python skeleton constricts Sigmund.
Unknown command.
You hit Sigmund but do no damage.
Sigmund is almost dead.
The endoplasm freezes you.
You are frozen.
Your blood congeals into armour.
Your ball python skeleton bites Sigmund.
Your ball python skeleton constricts Sigmund.
Sigmund barely misses your ball python skeleton.
Unknown command.
You hit Sigmund but do no damage.
Sigmund is almost dead.
The endoplasm jiggles.
The endoplasm misses you.
Your ball python skeleton barely misses Sigmund.
Your ball python skeleton constricts Sigmund.
Unknown command.
You hit Sigmund.
You kill Sigmund!
The endoplasm freezes you.
You are frozen.
Your ball python skeleton bites the endoplasm.
Your Fighting skill increases to level 2!
Your Spellcasting skill increases to level 3!
Your Necromancy skill increases to level 5!
You have reached level 4!
You feel agile.
Your demonic ancestry asserts itself...
Your hands glow brighter with unholy energy.
You have reached level 5!
Your demonic ancestry asserts itself...
You feel the presence of a demonic guardian.
Unknown command.
Are you sure you want to abandon this character and quit the game? (Confirm with "yes".)

#...†...#
##.#..#)#
#.#..#<#
#.#..#.#
####.#..#.#
#.......#.#
#.......$.#
#........#####
#.....@Z.......
#...).J)..#####
#.........#
####+#..).#
#....# #....#
#....# #....#


You could see an endoplasm (ally target) and a friendly ball python skeleton.

Vanquished Creatures
  Sigmund (D:2)
  A worm (D:1)
  5 bats (D:1)
  2 endoplasms
  5 goblins (D:1)
  3 hobgoblins (D:1)
  9 jackals
  3 kobolds
  3 ball pythons
  3 frilled lizards (D:1)
  2 rats
37 creatures vanquished.

Notes
Turn   | Place    | Note
-------+----------+-------------------------------------------
     0 | D:1      | mathmaestro the Demonspawn Necromancer began the quest for
                  | the Orb.
     0 | D:1      | Reached XP level 1. HP: 13/13 MP: 3/3
   211 | D:1      | Gained mutation: Your touch may inflict minor irresistible
                  | damage on your foes. [demonic ancestry]
   211 | D:1      | Reached XP level 2. HP: 9/20 MP: 0/5
   596 | D:1      | Reached skill level 1 in Fighting
  1087 | D:1      | Gained mutation: When seriously injured, your blood forms
                  | armour. (AC +6) [demonic ancestry]
  1087 | D:1      | Reached XP level 3. HP: 26/26 MP: 3/6
  1092 | D:1      | Learned a level 3 spell: Vampiric Draining
  1619 | D:2      | Noticed Sigmund
  1642 | D:2      | Killed Sigmund
  1643 | D:2      | Reached skill level 5 in Necromancy
  1643 | D:2      | Gained mutation: Your touch may inflict irresistible damage
                  | on your foes. [demonic ancestry]
  1643 | D:2      | Reached XP level 4. HP: 16/34 MP: 2/9
  1643 | D:2      | Gained mutation: A weak demonic guardian rushes to your
                  | aid. [demonic ancestry]
  1643 | D:2      | Reached XP level 5. HP: 19/40 MP: 2/10
  1643 | D:2      | Quit the game

Illustrated notes

Levels and vault maps discovered:
D:1:      dpeg_arrival_round_b, layout_basic
D:2:      layout_basic, kennysheep_generic_room_15, uniq_natasha, uniq_sigmund

Skill      XL: |  1  2  3 |
---------------+----------+-----
Stealth        | 2 |  2.0
Dodging        | 2 |  2.0
Fighting       | 1 2 |  2.8
Spellcasting   | 3 |  3.4
Necromancy     | 5 |  5.6

Action                   |  1- 3 |  4- 6 || total
-------------------------+-------+-------++-------
Melee: Dagger            |    55 |       ||    55
       Touch             |     6 |       ||     6
       Punch             |     1 |       ||     1
 Cast: Necrotise         |    57 |       ||    57
       Vampiric Draining |     2 |       ||     2
 Stab: Distracted        |     1 |       ||     1
Armor: Robe              |    12 |       ||    12
Dodge: Dodged            |    48 |       ||    48

Table legend: (Time is in decaauts)
 A = Elapsed time spent in this place.
 B = Non-inter-level travel time spent in this place.
 C = Inter-level travel time spent in this place.
 D = Time resting spent in this place.
 E = Time spent auto-exploring this place.
 F = Levels seen in this place.
 G = Mean time per level.
                   A        B        C        D        E       F      G
               +--------+--------+--------+--------+--------+-----+--------+
         Total |   1643 |   1625 |     18 |    466 |    792 |   2 |  821.5 |
       Dungeon |   1643 |   1625 |     18 |    466 |    792 |   2 |  821.5 |
               +--------+--------+--------+--------+--------+-----+--------+

Top non-repeatable levels by time:
     D:1: 1401 daAuts
     D:2: 242 daAuts
